Map: Miner Evacuation

Players

Eravel

  • Race: Protoss Protoss
  • Spawn Location: 7:00

AznBroPros

  • Race: Terran Terran
  • Spawn Location: 7:00

VOD

Have the link to the VOD?

Description

Time

  • Played on: Sept. 2, 2019, 2:16 p.m.
  • Length: 23:31
Show
View Real Time Build Order
Export as new Build Order

Eravel Protoss 

Build Orders:  

Get SALT Encoding   

  12  0:03  Probe (Chrono Boost)  
  13  0:15  Probe (Chrono Boost)  
  14  0:27  Probe (Chrono Boost)  
  15  0:34  Assimilator  
  15  0:38  Probe (Chrono Boost)  
  17  0:50  Probe (Chrono Boost)  
  17  0:55  Assimilator  
  17  1:01  Probe (Chrono Boost)  
  18  1:13  Pylon, Probe (Chrono Boost)  
  19  1:24  Probe (Chrono Boost)  
  20  1:36  Probe (Chrono Boost)  
  21  1:46  Gateway  
  21  1:48  Cybernetics Core  
  21  1:51  Probe (Chrono Boost)  
  22  2:01  Pylon  
  22  2:02  Probe (Chrono Boost)  
  23  2:14  Probe (Chrono Boost)  
  24  2:22  Robotics Facility  
  24  2:25  Probe (Chrono Boost)  
  25  2:37  Probe (Chrono Boost)  
  25  2:39  Warp Gate  
  26  2:43  Legionnaire  
  26  2:48  Kaldalis' A.I. Personality  
  29  3:08  Adept  
  29  3:18  Talis' A.I. Personality  
  31  3:29  Immortal  
  35  4:03  Taldarin's A.I. Personality  
  35  4:09  Pylon  
  35  4:13  Pylon  
  35  4:22  Conservator  
  37  4:33  Optimized Emitters  
  37  4:35  Forge  
  37  4:38  Forge  
  37  4:40  Robotics Bay  
  37  4:41  Protoss Air Weapons Level 1  
  37  4:42  Twilight Council  
  37  4:48  Fleet Beacon  
  34  5:10  Legionnaire  
  37  6:07  Conservator  
  39  6:15  Colossus, Nexus  
  39  6:16  Warbringer's A.I. Personality  
  39  6:19  Observation Protocol  
  45  6:21  Purifier Armaments  
  45  6:28  Debilitation System  
  45  6:31  Gravimetric Overload  
  42  6:50  Stargate  
  42  6:54  Pylon  
  42  6:58  Pylon  
  42  7:09  Legionnaire, Conservator  
  45  7:23  Assimilator  
  45  7:25  Assimilator  
  46  7:50  Probe (Chrono Boost)  
  46  7:54  Protoss Ground Armor Level 1  
  46  7:56  Empowered Blades  
  46  8:02  Probe (Chrono Boost)  
  47  8:13  Probe (Chrono Boost)  
  47  8:15  Probe (Chrono Boost)  
  49  8:25  Probe (Chrono Boost)  
  49  8:27  Probe (Chrono Boost)  
  51  8:36  Probe (Chrono Boost)  
  51  8:38  Probe (Chrono Boost)  
  51  8:39  Protoss Ground Weapons Level 1  
  51  8:44  Protoss Air Armor Level 1  
  51  8:48  Probe (Chrono Boost)  
  53  8:50  Probe (Chrono Boost)  
  53  8:59  Probe (Chrono Boost)  
  54  9:01  Probe (Chrono Boost)  
  54  9:11  Probe (Chrono Boost)  
  54  9:30  Scout  
  54  9:35  Probe x2 (Chrono Boost)  
  54  9:36  Mojo's A.I. Personality  
  59  9:47  Probe x2 (Chrono Boost)  
  61  9:54  Protoss Shields Level 1  
  61  9:58  Probe (Chrono Boost)  
  62  10:03  Pylon  
  62  10:04  Probe (Chrono Boost)  
  62  10:05  Pylon x2  
  62  10:07  Pylon  
  64  10:10  Probe (Chrono Boost)  
  64  10:14  Psionic Projection  
  64  10:15  Purification Blast  
  64  10:16  Probe (Chrono Boost)  
  64  10:17  Protoss Ground Armor Level 2, Combat Sensor Array  
  65  10:32  Probe x2 (Chrono Boost)  
  65  10:35  Clolarion's A.I. Personality  
  69  11:11  Probe (Chrono Boost)  
  68  11:24  Protoss Air Weapons Level 2  
  68  11:33  Protoss Ground Weapons Level 2  
  68  11:42  Carrier  
  68  11:45  Extended Thermal Lance  
  68  11:46  Graviton Catapult  
  74  11:54  Pylon  
  74  11:59  Pylon  
  74  12:01  Pylon  
  74  12:02  Pylon  
  74  12:03  Pylon  
  74  12:04  Pylon, Adept  
  74  12:06  Pylon  
  74  12:07  Pylon  
  74  12:08  Pylon x2  
  74  12:13  Gateway  
  74  12:14  Gateway  
  74  12:17  Gateway  
  71  12:26  Protoss Shields Level 2  
  71  12:36  Legionnaire  
  74  13:00  Immortal  
  74  13:06  Suppression Procedure  
  78  13:15  Gravitic Boosters  
  78  13:20  Conservator  
  80  13:32  Protoss Ground Armor Level 3  
  78  13:42  Scout  
  79  13:54  Legionnaire, Adept  
  79  13:55  Conservator, Adept  
  88  14:06  Interdictors  
  88  14:18  Probe (Chrono Boost)  
  93  14:30  Observer  
  93  14:33  Protoss Shields Level 3  
  93  14:35  Conservator  
  90  14:41  Robotics Facility  
  90  14:45  Robotics Facility  
  90  14:48  Stargate  
  90  14:52  Stargate  
  90  14:53  Conservator  
  90  14:54  Adept, Conservator  
  90  14:55  Legionnaire, Gateway  
  90  14:56  Gateway  
  96  15:24  Adept x2  
  100  15:37  Legionnaire, Adept  
  105  15:40  Immortal  
  105  15:47  Conservator  
  105  15:48  Legionnaire x2  
  115  16:01  Protoss Ground Weapons Level 3  
  115  16:03  Adept  
  115  16:04  Adept  
  115  16:08  Observer, Immortal  
  124  16:14  Legionnaire x2  
  127  16:43  Legionnaire x2  
  127  16:44  Legionnaire x4  
  145  17:03  Protoss Air Weapons Level 3  
  145  17:29  Scout x2  
  151  17:30  Scout  
  151  17:32  Legionnaire  
  151  17:33  Legionnaire x3  
  160  18:10  Scout  
  160  18:11  Scout x2  
  160  18:13  Conservator  
  160  18:14  Adept x2  
  160  18:15  Adept  
  161  18:40  Scout  
  164  19:26  Immortal, Colossus  
  164  19:28  Scout, Carrier  
  180  19:54  Protoss Air Armor Level 2  
  171  20:16  Colossus  
  168  20:21  Colossus  
  168  20:24  Legionnaire, Conservator  
  168  20:25  Legionnaire x4, Conservator  
  191  21:13  Conservator x2  
  191  21:14  Legionnaire, Conservator  
  191  22:04  Adept  
  191  22:05  Adept x2  
  191  22:06  Adept  
  196  22:32  Conservator, Adept  
  193  22:44  Adept x2  
  193  22:45  Adept x2  
Show
View Real Time Build Order
Export as new Build Order

AznBroPros Terran 

Build Orders:  

Get SALT Encoding   

  12  0:08  SCV  
  13  0:25  SCV  
  14  0:40  Refinery  
  14  0:42  SCV  
  15  0:53  Refinery  
  15  0:59  SCV  
  16  1:14  Barracks  
  16  1:16  SCV  
  17  1:33  SCV  
  18  1:50  SCV  
  19  2:07  SCV  
  20  2:21  Factory  
  20  2:22  Barracks Tech Lab  
  20  2:23  SCV  
  20  2:29  Engineering Bay x2  
  21  2:39  Ghost Visor  
  21  2:40  SCV  
  22  2:57  SCV, Laser Targeting System  
  23  3:14  SCV  
  24  3:27  Starport, Super Stimpack  
  24  3:31  SCV, Factory Tech Lab  
  25  3:49  Command Center  
  25  3:55  SCV  
  26  4:12  SCV  
  27  4:50  SCV  
  27  4:53  Terran Infantry Armor Level 1, Terran Infantry Weapons Level 1  
  27  4:54  Starport Tech Lab  
  28  5:07  SCV  
  29  5:23  Elite Marine  
  33  5:58  Armory  
  33  6:01  Armory  
  33  6:16  Raven Type-II  
  35  6:52  Covert Triage  
  35  7:07  SCV x2  
  37  7:24  SCV x2  
  39  7:37  Enhanced Manufacturing  
  39  7:41  Refinery x2, SCV x2  
  41  7:57  SCV  
  41  7:58  SCV  
  43  8:14  Elite Marine, SCV  
  43  8:15  SCV  
  49  8:22  Advanced Cloaking Field  
  49  8:31  SCV  
  49  8:32  SCV  
  51  8:43  Railgun Turret  
  51  8:45  Railgun Turret  
  51  8:46  Railgun Turret  
  51  8:51  Rocket Barrage  
  51  8:59  Terran Infantry Armor Level 2, Terran Infantry Weapons Level 2  
  51  9:49  Operational Efficiency  
  51  10:04  Triple Tap  
  51  10:08  Infernal Pre-Igniter  
  51  10:19  Hellbat Rangers x2  
  59  10:27  Hellbat Rangers  
  59  10:28  Hellbat Rangers  
  67  10:49  Suppression Shells  
  67  10:56  Raven Type-II  
  69  11:01  Jump Jet Assault, Railgun Turret x2  
  69  11:02  Railgun Turret  
  69  11:03  Railgun Turret  
  69  11:17  Defensive Drone  
  69  11:19  Suppression Shells  
  69  11:23  Ares-Class Targeting System  
  69  11:31  Terran Vehicle and Ship Weapons Level 1, Terran Vehicle And Ship Armor Level 1  
  69  11:35  Defensive Drone  
  69  11:44  Railgun Turret  
  69  11:47  Railgun Turret  
  69  11:53  Lockdown Missiles  
  69  12:09  Railgun Turret  
  69  12:10  Railgun Turret  
  69  12:30  Terran Infantry Weapons Level 3, Terran Infantry Armor Level 3  
  67  12:52  Elite Marine  
  67  12:59  Railgun Turret x2  
  71  13:04  Railgun Turret x2  
  71  14:12  Spec Ops Ghost  
  75  14:48  Spec Ops Ghost  
  79  14:51  Railgun Turret x2  
  79  14:52  Railgun Turret x2  
  79  14:54  Railgun Turret  
  79  14:55  Railgun Turret  
  79  15:01  Defensive Drone  
  79  15:02  Defensive Drone  
  79  15:21  Raven Type-II  
  81  15:30  Defensive Drone  
  81  15:34  Railgun Turret x2  
  81  15:35  Railgun Turret  
  81  15:54  Defensive Drone  
  81  16:10  Railgun Turret x2  
  81  16:11  Railgun Turret  
  81  16:44  Railgun Turret x3  
  81  16:54  Spec Ops Ghost  
  85  17:03  Tactical Airlift  
  85  17:22  Railgun Turret x2  
  85  17:23  Railgun Turret  
  85  17:29  Railgun Turret  
  85  17:30  Railgun Turret x2  
  85  18:01  Railgun Turret  
  85  18:02  Railgun Turret x2  
  85  18:41  Defensive Drone  
  85  19:27  Defensive Drone  
  85  19:28  Defensive Drone  
  85  19:31  Instant Regeneration  
  80  20:08  Spec Ops Ghost  
  84  20:10  Strike Goliath  
  84  20:11  Strike Goliath  
  84  20:16  Elite Marine  
  100  20:21  Tactical Airlift  
  100  20:28  Caduceus Reactor  
  100  20:49  Railgun Turret x2  
  100  20:50  Railgun Turret  
  100  20:51  Railgun Turret x2  
  100  20:52  Railgun Turret  
  100  20:54  Infernal Projectiles  
  100  20:56  Railgun Turret x3  
  100  21:08  Defensive Drone  
  100  21:09  Defensive Drone  
  100  21:10  Defensive Drone  
  100  21:24  Defensive Drone  
  98  21:50  Railgun Turret x2  
  98  21:51  Railgun Turret x2  
  98  22:33  Railgun Turret x2  
  98  22:34  Railgun Turret  
  98  22:37  Defensive Drone  
  98  22:49  Hellbat Rangers  
Tags
 
Add a new tag
Caveats
  • Supply blocks, unpowered buildings, or Contaminate may cause inaccurate times.
  • Supply counts are checked every 10 seconds.